BSA
VISTA PANTHERS @ SEATTLE PIKES
10/01/2025
 
TOP OF THE 1ST
Vista Panthers batting - Pitching for Seattle Pikes : RHP Rodrigo Aguilar
Pitching: RHP Rodrigo Aguilar
Batting: LHB Francisco Marino 0-0: Ball
1-0: SINGLE (Groundball, 4M)
Batting: LHB Patrick Osborne 0-0: Ball
1-0: Called Strike
1-1: Ball
2-1: Swinging Strike
2-2: Strikes out swinging
Batting: LHB Bob Cunningham 0-0: Ball
1-0: DOUBLE (Groundball, 5L)
Francisco Marino to third
Batting: SHB Zach Franks 0-0: Called Strike
0-1: Ball
1-1: Ball
2-1: Ball
3-1: Foul Ball, location: 2F
3-2: Ground out 6-3 (Groundball, 56)
Francisco Marino scores
Batting: RHB Roberto Cruz 0-0: Ball
1-0: Foul Ball, location: 2F
1-1: Ball
2-1: Reached on error, E6 (Groundball, 6)
Bob Cunningham to third
Batting: LHB Harry Pitts 0-0: Called Strike
0-1: Ball
1-1: Fly out, F7 (Flyball, 7M)
Top of the 1st over - 1 run(s), 2 hit(s), 1 error(s), 2 left on base; Vista 1 - Seattle 0
BOTTOM OF THE 1ST
Seattle Pikes batting - Pitching for Vista Panthers : LHP Yasuyuki Ishii
Pitching: LHP Yasuyuki Ishii
Batting: RHB Manuel Rico 0-0: Ball
1-0: SINGLE (Flyball, 9S)
Batting: RHB António Ortega 0-0: Ball
1-0: Fly out, F6 (Popup, 5F)
Batting: RHB Tae-kwon Kwon 0-0: Ball
1-0: Ball
Manuel Rico steals 2nd base
2-0: Called Strike
2-1: SINGLE (Groundball, 6MD)
Manuel Rico to third
Runner from 3rd tries for Home, SAFE, throw made home
Tae-kwon Kwon to second
Batting: RHB Iván Gonzáles 0-0: Called Strike
0-1: Ball
1-1: Fly out, F5 (Popup, 5SF)
Batting: SHB António Hernández 0-0: Called Strike
0-1: Ground out 6-3 (Groundball, 6)
Bottom of the 1st over - 1 run(s), 2 hit(s), 0 error(s), 1 left on base; Vista 1 - Seattle 1
TOP OF THE 2ND
Vista Panthers batting - Pitching for Seattle Pikes : RHP Rodrigo Aguilar
Batting: RHB Javier Deleón 0-0: Ball
1-0: Called Strike
1-1: Ball
2-1: Ball
3-1: Base on Balls
Batting: RHB Salvador Salas 0-0: Ball
1-0: Swinging Strike
1-1: Ball
2-1: Foul Ball, location: 2F
2-2: Ball
3-2: Strikes out swinging
Batting: RHB Cisco Gatán 0-0: Called Strike
0-1: Ball
1-1: Ball
2-1: Swinging Strike
2-2: Foul Ball, location: 2F
2-2: Strikes out swinging
Batting: LHB Francisco Marino 0-0: Called Strike
0-1: Swinging Strike
0-2: Ball
1-2: Ball
2-2: Foul Ball, location: 2F
2-2: Foul Ball, location: 2F
2-2: Strikes out swinging
Top of the 2nd over - 0 run(s), 0 hit(s), 0 error(s), 1 left on base; Vista 1 - Seattle 1
BOTTOM OF THE 2ND
Seattle Pikes batting - Pitching for Vista Panthers : LHP Yasuyuki Ishii
Batting: RHB Wallace Greene 0-0: Called Strike
0-1: Ball
1-1: Foul Ball, location: 2F
1-2: Ball
2-2: SINGLE (Groundball, 5S)
Batting: RHB Rafael González 0-0: Ball
1-0: Swinging Strike
1-1: Foul Ball, location: 2F
1-2: Ball
2-2: Foul Ball, location: 2F
2-2: Fly out, F7 (Flyball, 78M)
Batting: LHB Richard Hunter 0-0: Called Strike
0-1: Ball
1-1: Called Strike
1-2: Ball
2-2: Fielders Choice at 2nd, 4-6 (Groundball, 34)
Batting: LHB Sammy Marshall 0-0: Ball
1-0: Ball
2-0: Foul Ball, location: 2F
2-1: Ball
3-1: Fly out, F9 (Flyball, 89M)
Bottom of the 2nd over - 0 run(s), 1 hit(s), 0 error(s), 1 left on base; Vista 1 - Seattle 1
TOP OF THE 3RD
Vista Panthers batting - Pitching for Seattle Pikes : RHP Rodrigo Aguilar
Batting: LHB Patrick Osborne 0-0: Called Strike
0-1: Ball
1-1: Ball
2-1: SINGLE (Line Drive, 6D)
Pitching: RHP Ernesto Beltrán
Batting: LHB Bob Cunningham 0-0: Called Strike
0-1: Foul Ball, location: 2F
0-2: Strikes out swinging
Patrick Osborne steals 2nd base
Batter strikes out.
Batting: SHB Zach Franks 0-0: Ball
1-0: Called Strike
1-1: Ball
2-1: Swinging Strike
2-2: Ground out 5-3 (Groundball, 5S)
Patrick Osborne to third
Batting: RHB Roberto Cruz 0-0: Called Strike
0-1: SINGLE (Groundball, 4D)
Patrick Osborne scores
Batting: LHB Harry Pitts 0-0: Ball
1-0: Called Strike
1-1: Ball
2-1: Ball
3-1: Base on Balls
Roberto Cruz to second
Batting: RHB Javier Deleón 0-0: Foul Ball, location: 2F
0-1: Ball
1-1: Ball
2-1: Ball
3-1: Foul Ball, location: 2F
3-2: Strikes out swinging
Top of the 3rd over - 1 run(s), 2 hit(s), 0 error(s), 2 left on base; Vista 2 - Seattle 1
BOTTOM OF THE 3RD
Seattle Pikes batting - Pitching for Vista Panthers : LHP Yasuyuki Ishii
Batting: RHB Manuel Rico 0-0: Ball
1-0: Ball
2-0: Called Strike
2-1: Foul Ball, location: 2F
2-2: Ball
3-2: Fly out, F7 (Flyball, 78D)
Batting: RHB António Ortega 0-0: Swinging Strike
0-1: Ground out 4-3 (Groundball, 13)
Batting: RHB Tae-kwon Kwon 0-0: Ball
1-0: Ball
2-0: Swinging Strike
2-1: Ball
3-1: Fly out, F6 (Popup, 6)
Bottom of the 3rd over - 0 run(s), 0 hit(s), 0 error(s), 0 left on base; Vista 2 - Seattle 1
TOP OF THE 4TH
Vista Panthers batting - Pitching for Seattle Pikes : RHP Ernesto Beltrán
Batting: RHB Salvador Salas 0-0: Ground out 1-3 (Groundball, 15S)
Batting: RHB Cisco Gatán 0-0: Foul Ball, location: 2F
0-1: Swinging Strike
0-2: Foul Ball, location: 2F
0-2: Foul Ball, location: 2F
0-2: Foul Ball, location: 2F
0-2: Strikes out swinging
Batting: LHB Francisco Marino 0-0: Called Strike
0-1: Fly out, F8 (Flyball, 8LM)
Top of the 4th over - 0 run(s), 0 hit(s), 0 error(s), 0 left on base; Vista 2 - Seattle 1
BOTTOM OF THE 4TH
Seattle Pikes batting - Pitching for Vista Panthers : LHP Yasuyuki Ishii
Batting: RHB Iván Gonzáles 0-0: SINGLE (Line Drive, 78S)
Batting: SHB António Hernández 0-0: Fly out, F8 (Flyball, 8RM)
Batting: RHB Wallace Greene 0-0: Ball
1-0: Ball
2-0: Called Strike
2-1: Ball
3-1: Foul Ball, location: 2F
3-2: Ground out 4-3 (Groundball, 13)
Iván Gonzáles to second
Batting: RHB Rafael González 0-0: Called Strike
0-1: Called Strike
0-2: Ball
1-2: Ball
2-2: Ball
3-2: Base on Balls
Batting: LHB Richard Hunter 0-0: Foul Ball, location: 2F
0-1: Swinging Strike
0-2: Ball
1-2: Strikes out swinging
Bottom of the 4th over - 0 run(s), 1 hit(s), 0 error(s), 2 left on base; Vista 2 - Seattle 1
TOP OF THE 5TH
Vista Panthers batting - Pitching for Seattle Pikes : RHP Ernesto Beltrán
Batting: LHB Patrick Osborne 0-0: Called Strike
0-1: DOUBLE (Flyball, 78XD)
Batting: LHB Bob Cunningham 0-0: Called Strike
0-1: Called Strike
0-2: Fly out, F8 (Flyball, 8LD)
Runner from 2nd tags up, SAFE at 3rd, no throw
Batting: SHB Zach Franks 0-0: Called Strike
0-1: Swinging Strike
0-2: Ball
1-2: Ball
2-2: Foul Ball, location: 2F
2-2: Foul Ball, location: 2F
2-2: Ground out 4-3 (Groundball, 4M)
Patrick Osborne scores
Batting: RHB Roberto Cruz 0-0: Called Strike
0-1: Foul Ball, location: 2F
0-2: Ball
1-2: Strikes out swinging
Top of the 5th over - 1 run(s), 1 hit(s), 0 error(s), 0 left on base; Vista 3 - Seattle 1
BOTTOM OF THE 5TH
Seattle Pikes batting - Pitching for Vista Panthers : LHP Yasuyuki Ishii
Batting: LHB Sammy Marshall 0-0: Called Strike
0-1: Swinging Strike
0-2: Strikes out swinging
Batting: RHB Manuel Rico 0-0: Ball
1-0: Ball
2-0: Ball
3-0: DOUBLE (Line Drive, 5D)
Batting: RHB António Ortega 0-0: Ball
1-0: Called Strike
1-1: Fly out, F8 (Flyball, 8LD)
Runner from 2nd tags up, SAFE at 3rd with throw
Batting: RHB Tae-kwon Kwon 0-0: Called Strike
0-1: Foul Ball, location: 2F
0-2: Ground out 1-3 (Groundball, 15)
Bottom of the 5th over - 0 run(s), 1 hit(s), 0 error(s), 1 left on base; Vista 3 - Seattle 1
TOP OF THE 6TH
Vista Panthers batting - Pitching for Seattle Pikes : RHP Ernesto Beltrán
Pitching: LHP Jung-keun Yi
Batting: LHB Harry Pitts 0-0: Ball
1-0: Ball
2-0: Ball
3-0: Base on Balls
Pitching: RHP Orlando Ojeda
Batting: RHB Javier Deleón 0-0: Called Strike
0-1: Fly out, F9 (Flyball, 9M)
Batting: RHB Salvador Salas 0-0: Foul Ball, location: 2F
0-1: Foul Ball, location: 2F
0-2: Strikes out swinging
Pitching: RHP José Salinas
Batting: RHB Cisco Gatán 0-0: Called Strike
0-1: Fly out, F8 (Line Drive, 8RM)
Top of the 6th over - 0 run(s), 0 hit(s), 0 error(s), 1 left on base; Vista 3 - Seattle 1
BOTTOM OF THE 6TH
Seattle Pikes batting - Pitching for Vista Panthers : LHP Yasuyuki Ishii
Batting: RHB Iván Gonzáles 0-0: Called Strike
0-1: Fly out, F3 (Line Drive, 3S)
Batting: SHB António Hernández 0-0: Foul Ball, location: 2F
0-1: Ball
1-1: SOLO HOME RUN (Flyball, 89XD), Distance : 439 ft
Batting: RHB Wallace Greene 0-0: Ball
1-0: Called Strike
1-1: Ball
2-1: Ball
3-1: Reached on error, E5 (Groundball, 5L)
Batting: RHB Rafael González 0-0: Fly out, F6 (Popup, 56)
Batting: LHB Richard Hunter 0-0: Ball
1-0: Called Strike
1-1: Ball
2-1: Ball
3-1: Swinging Strike
3-2: SINGLE (Line Drive, 9S)
Wallace Greene to second
Wallace Greene to third
Batting: LHB Sammy Marshall 0-0: Swinging Strike
0-1: Fly out, F8 (Flyball, 8RXD)
Bottom of the 6th over - 1 run(s), 2 hit(s), 1 error(s), 2 left on base; Vista 3 - Seattle 2
TOP OF THE 7TH
Vista Panthers batting - Pitching for Seattle Pikes : RHP José Salinas
Pitching: LHP John Whitaker
Batting: LHB Francisco Marino 0-0: Ball
1-0: Ground out 4-3 (Groundball, 4)
Batting: LHB Patrick Osborne 0-0: Called Strike
0-1: Ball
1-1: Foul Ball, location: 2F
1-2: Ball
2-2: Strikes out swinging
Pitching: RHP Gil Dickson
Batting: LHB Bob Cunningham 0-0: Called Strike
0-1: Foul Ball, location: 2F
0-2: Ball
1-2: Ball
2-2: Ball
3-2: Base on Balls
Batting: SHB Zach Franks 0-0: Called Strike
0-1: Swinging Strike
0-2: Strikes out swinging
Top of the 7th over - 0 run(s), 0 hit(s), 0 error(s), 1 left on base; Vista 3 - Seattle 2
BOTTOM OF THE 7TH
Seattle Pikes batting - Pitching for Vista Panthers : LHP Yasuyuki Ishii
Pitching: LHP Walter Bamber
Batting: RHB Manuel Rico 0-0: Ball
1-0: Foul Ball, location: 2F
1-1: Ball
2-1: Foul Ball, location: 2F
2-2: Ball
3-2: Base on Balls
Batting: RHB António Ortega 0-0: Foul Ball, location: 2F
0-1: Ball
1-1: Sac Bunt - play at first, batter OUT! 2-4
Manuel Rico to second
Batting: RHB Tae-kwon Kwon 0-0: Called Strike
0-1: Ball
1-1: Ground out 6-3 (Groundball, 6M)
Manuel Rico to third
Batting: RHB Iván Gonzáles 0-0: Ball
1-0: Ball
2-0: Foul Ball, location: 2F
2-1: Ball
3-1: Base on Balls
Pinch Hitting: RHB Dennis Stephenson 0-0: Called Strike
0-1: Swinging Strike
0-2: Foul Ball, location: 2F
0-2: Ball
1-2: Fly out, F3 (Popup, 3)
Bottom of the 7th over - 0 run(s), 0 hit(s), 0 error(s), 2 left on base; Vista 3 - Seattle 2
TOP OF THE 8TH
Vista Panthers batting - Pitching for Seattle Pikes : RHP Gil Dickson
Now at 2B: Roberto Zamora
Batting: RHB Roberto Cruz 0-0: Called Strike
0-1: Called Strike
0-2: Strikes out swinging
Batting: LHB Harry Pitts 0-0: Swinging Strike
0-1: Ball
1-1: Ball
2-1: Ground out 1-3 (Groundball, 25)
Batting: RHB Javier Deleón 0-0: Swinging Strike
0-1: Ball
1-1: Ball
2-1: Ball
3-1: Fly out, F8 (Line Drive, 8LM)
Top of the 8th over - 0 run(s), 0 hit(s), 0 error(s), 0 left on base; Vista 3 - Seattle 2
BOTTOM OF THE 8TH
Seattle Pikes batting - Pitching for Vista Panthers : LHP Walter Bamber
Pitching: RHP José Gómes
Batting: RHB Wallace Greene 0-0: Called Strike
0-1: Ball
1-1: Ball
2-1: TRIPLE (Flyball, 9D)
Pinch Hitting: RHB Rich Ruffin 0-0: Ball
1-0: Called Strike
1-1: Swinging Strike
1-2: Ball
2-2: Ball
3-2: Foul Ball, location: 2F
3-2: Base on Balls
Pitching: RHP Ron Henningar
Batting: LHB Richard Hunter 0-0: Ball
1-0: Ball
2-0: Ball
Passed Ball!
Wallace Greene scores
Rich Ruffin to second
3-0: Intentional Walk
Batting: LHB Sammy Marshall 0-0: Foul Ball, location: 2F
0-1: Ball
1-1: Foul Ball, location: 2F
1-2: Foul Ball, location: 2F
1-2: Strikes out swinging
Batting: RHB Manuel Rico 0-0: Foul Ball, location: 2F
0-1: Ball
Wild Pitch!
Rich Ruffin to third
Richard Hunter to second
1-1: Ball
2-1: Ground out 6-3 (Groundball, 6M)
Batting: RHB António Ortega 0-0: Ball
1-0: Ball
2-0: Called Strike
2-1: Called Strike
2-2: Ball
3-2: Base on Balls
Batting: RHB Tae-kwon Kwon 0-0: Ball
1-0: Called Strike
1-1: Ground out 4-3 (Groundball, 4)
Bottom of the 8th over - 1 run(s), 1 hit(s), 0 error(s), 3 left on base; Vista 3 - Seattle 3
TOP OF THE 9TH
Vista Panthers batting - Pitching for Seattle Pikes : RHP Gil Dickson
Pitching: RHP Thomas Hughes
Now at SS: Edouard Padovano
Batting: RHB Salvador Salas 0-0: Called Strike
0-1: Ball
1-1: Called Strike
1-2: Strikes out swinging
Pinch Hitting: RHB Wilson López 0-0: Ball
1-0: Ground out 6-3 (Groundball, 6)
Pinch Hitting: SHB Mark Wells 0-0: Called Strike
0-1: Ball
1-1: Swinging Strike
1-2: Ball
2-2: Foul Ball, location: 2F
2-2: Foul Ball, location: 2F
2-2: Ball
3-2: SINGLE (Groundball, 6MD)
Batting: LHB Patrick Osborne 0-0: Called Strike
0-1: Foul Ball, location: 2F
0-2: Strikes out swinging
Top of the 9th over - 0 run(s), 1 hit(s), 0 error(s), 1 left on base; Vista 3 - Seattle 3
BOTTOM OF THE 9TH
Seattle Pikes batting - Pitching for Vista Panthers : RHP Ron Henningar
Pitching: RHP José Betancourt
Now at C: Andrew Good
Now at 2B: Iván De Jesús
Pinch Hitting: LHB Eduardo Gómez 0-0: Ball
1-0: Called Strike
1-1: Ball
2-1: Foul Ball, location: 2F
2-2: Fly out, F6 (Popup, 6M)
Pinch Hitting: LHB Chad Weaver 0-0: Ball
1-0: Called Strike
1-1: Ground out 6-3 (Groundball, 6)
Batting: RHB Wallace Greene 0-0: Ball
1-0: Foul Ball, location: 2F
1-1: SINGLE (Flyball, 8LS)
Batting: RHB Edouard Padovano 0-0: Ball
1-0: SINGLE (Groundball, 6MD)
Wallace Greene to second
Batting: LHB Richard Hunter 0-0: Ball
1-0: Ball
2-0: Foul Ball, location: 2F
2-1: Foul Ball, location: 2F
2-2: 3-RUN HOME RUN (Flyball, 89XD), Distance : 437 ft
This league is powered by Out of the Park Baseball, the baseball management simulation game for PC, Mac and Linux
Tuesday, August 2nd, 2016 - OOTP Baseball 16.8 Build 38